 Dungeon Crawl Stone Soup version 0.22.1-2-g9c5b331 (webtiles) character file.

157705 havocjr2 the Unseen (level 18, -13/130 HPs)
             Began as a Kobold Berserker on Dec 5, 2018.
             Was an Elder of Trog.
             Mangled by an alligator snapping turtle (38 damage)
             ... on level 4 of the Shoals on Dec 6, 2018.
             The game lasted 06:41:45 (38930 turns).

havocjr2 the Unseen (Kobold Berserker)             Turns: 38930, Time: 06:41:49

Health: -13/130    AC: 20    Str: 20    XL:     18   Next: 33%
Magic:  26/26      EV: 30    Int: 11    God:    Trog [****..]
Gold:   2091       SH: 11    Dex: 19    Spells: 17/17 levels left

rFire    + . .     SeeInvis .   w - +9 quick blade (pierce)
rCold    . . .     Gourm    .   O - +0 buckler
rNeg     . . .     Faith    +   R - +3 leather armour {rPois}
rPois    +         Spirit   .   T - +2 hat {MR+}
rElec    .         Reflect  .   z - +2 cloak "Leuvad" {rF+ MR+ Str+3}
rCorr    .         Harm     .   N - +0 pair of gloves
MR       +++++                  J - +2 pair of boots
Stlth    +++++++...             o - amulet of faith
HPRegen  1.31/turn              e - +3 ring of protection
MPRegen  0.20/turn              g - +2 ring of evasion

@: about to teleport, barbed spikes, berserk cooldown, regenerating, slowed,
very slow
A: small, large bone plates 1, carnivore, robust 1, strong 1
a: Berserk, Trog's Hand, Brothers in Arms, Renounce Religion


You were on level 4 of the Shoals.
You worshipped Trog.
Trog was greatly pleased with you.
You were full.

You visited 5 branches of the dungeon, and saw 28 of its levels.
You visited 1 bazaar.
You also visited: Ossuary.

You collected 2627 gold pieces.
You spent 536 gold pieces at shops.

Inventory:

Hand Weapons
 n - the +7 rapier of the Coin {pierce, Int+4}
   (Trog gifted it to you on level 3 of the Shoals)

   It inflicts extra damage upon your enemies.
   It affects your intelligence (+4).
 q - the +8 mace of Discord {pain, Dex+6}
   (You took it off a centaur warrior on level 11 of the Dungeon)

   In the hands of one skilled in necromantic magic, it inflicts extra damage on
   living creatures.
   It affects your dexterity (+6).
 w - a +9 quick blade of piercing (weapon)
 A - the +10 zealot's sword {holy, *Rage rN+ EV+3}
   (You took it off Ilsuiw on level 4 of the Shoals)

   It has been blessed by the Shining One to cause great damage to the undead
   and demons.
   It affects your evasion (+3).
   It protects you from negative energy.
   It may make you go berserk in combat.
 L - a +6 hunting sling of velocity
Missiles
 b - 200 sling bullets
 U - 11 tomahawks (quivered)
Armour
 z - the +2 cloak "Leuvad" (worn) {rF+ MR+ Str+3}
   (You found it on level 4 of the Dungeon)

   It affects your strength (+3).
   It protects you from fire.
   It affects your resistance to hostile enchantments.
 J - a +2 pair of boots (worn)
 N - a +0 pair of gloves (worn)
 O - a +0 buckler (worn)
 R - a +3 leather armour of poison resistance (worn)
 T - a +2 hat of magic resistance (worn)
 Y - a +0 robe of cold resistance
Jewellery
 d - an uncursed ring of resist corrosion
 e - a +3 ring of protection (left hand)
 g - a +2 ring of evasion (right hand)
 o - an amulet of faith (around neck)
 v - an uncursed ring of see invisible
 D - an uncursed ring of protection from fire
 I - an uncursed ring of protection from magic
Wands
 f - a wand of disintegration (14)
 h - a wand of paralysis (25)
 i - a wand of random effects (27)
 x - a wand of flame (21)
 F - a wand of acid (23)
 Q - a wand of polymorph (5)
Scrolls
 p - 8 scrolls of remove curse
 s - a scroll of torment
 u - 6 scrolls of immolation
 B - a scroll of fog
 G - 7 scrolls of fear
 M - 3 scrolls of magic mapping
 V - 12 scrolls of identify
 X - 3 scrolls of teleportation
Potions
 a - 2 potions of lignification
 j - 3 potions of brilliance
 k - 13 potions of curing
 l - 4 potions of flight
 m - a potion of might
 r - a potion of ambrosia
 K - 5 potions of cancellation
 P - a potion of invisibility
 S - 2 potions of haste
 W - 3 potions of agility
Miscellaneous
 y - a phantom mirror
Comestibles
 c - 64 rations


   Skills:
 + Level 15.4 Fighting
 - Level 14.0 Short Blades
 + Level 6.9(7.7) Slings
 - Level 5.5(7.4) Throwing
 + Level 10.2 Armour
 + Level 14.8 Dodging
 + Level 17.9 Stealth
 - Level 5.6 Shields
 + Level 11.8 Evocations


You had 17 spell levels left.
You didn't know any spells.
Your spell library was empty.

Dungeon Overview and Level Annotations

Branches:
Dungeon (15/15)            Temple (1/1) D:5            Lair (6/6) D:8
 Shoals (4/4) Lair:4       Spider (0/4) Lair:3        Slime (0/5) Lair:6
    Orc (2/2) D:12            Elf (0/3) Orc:2        Vaults (0/5) D:14
 Depths (0/5) D:15

Altars:
Cheibriados
Elyvilon
Fedhas
Gozag
Hepliaklqana
Kikubaaqudgha
Makhleb
Okawaru
Ru
Trog
Uskayaw
Vehumet
Wu Jian
Xom
Yredelemnul
The Shining One
Jiyva

Shops:
D:9 [}   D:10 [   D:12 !   D:14 *   Orc:2 *[=[   Shoals:4 (

Annotations:
D:11 2 transporters, 3 runed doors, buskinjo's ghost, journeyman DsFi
D:15 exclusion: orange crystal statue
Lair:6 exclusion: 5 oklob plants
Shoals:4 Nikola


Innate Abilities, Weirdness & Mutations

You are small and have problems with some larger weapons.
You are carnivorous and can eat meat at any time.
You are partially covered in large bone plates. (SH +4)
You are robust. (+10% HP)
Your muscles are strong. (Str +2)


Message History

The merfolk avatar chants a haunting song.
You resist with almost no effort. The snapping turtle misses you.
The manticore flicks its tail.
The volley of spikes hits you!
The barbed spikes become lodged in your body.
* * * LOW HITPOINT WARNING * * *
As you read the scroll of teleportation, it crumbles to dust.
You feel strangely unstable.
The alligator snapping turtle misses you.
The snapping turtle bites you but does no damage.
The manticore flicks its tail.
You block the volley of spikes.
Your skin crawls.
You feel resistant to hostile enchantments.
You feel somewhat less full.
The manticore flicks its tail.
The volley of spikes misses you.
The volley of spikes hits the alligator snapping turtle.
The alligator snapping turtle bites you!!!
You die...

≈≈≈≈≈≈≈≈≈## ##........≈≈≈≈≈≈≈
≈≈≈≈≈≈≈≈≈≈#######≈..†)..†.≈≈≈≈≈≈≈
≈≈≈≈≈≈≈≈≈≈≈≈.........†.....≈.≈≈≈≈
≈≈≈≈≈≈≈≈≈≈≈≈.m......)...≈..≈≈≈≈≈≈
≈≈≈≈≈≈≈≈≈≈..............≈≈≈≈≈≈≈≈≈
≈≈≈≈≈≈≈..≈≈.............≈≈≈≈≈≈≈≈≈
≈≈≈≈≈≈....≈...).........≈.≈≈≈≈≈≈≈
≈≈≈≈≈≈.....≈..[#t#.........≈≈≈≈≈≈
≈≈≈≈≈≈.......))+@+t........≈≈≈≈≈≈
≈≈≈≈≈≈≈..≈≈≈≈.(#'#)........≈≈≈≈≈≈
≈≈≈≈≈≈≈.......).Ht.........≈≈≈≈≈≈
≈≈≈≈######.................≈≈≈≈≈≈
≈≈≈##≈H≈≈≈#≈....(............≈...
≈≈##≈≈≈≈#≈≈#≈≈..≈≈≈..............
≈≈ ≈≈m#≈≈≈≈.#....≈≈≈≈≈≈..........
≈ ≈≈≈≈≈≈≈#.#....≈######≈≈≈......
H≈##≈≈..#.(..## .≈#≈≈≈.....


You could see an alligator snapping turtle, a merfolk avatar, a snapping turtle
and a manticore.

Vanquished Creatures
  Polyphemus (Shoals:4)
  Gastronok (D:8)
  Ilsuiw (Shoals:4)
  An orc warlord (Orc:2)
  5 merfolk javelineers
  Snorg (D:11)
  3 merfolk impalers
  Erolcha (D:13)
  Harold (D:11)
  3 hydras
  An ice dragon (D:12)
  A catoblepas (Shoals:4)
  3 merfolk aquamancers
  4 merfolk avatars
  2 dancing weapons (D:14)
  3 alligator snapping turtles
  A satyr (Shoals:4)
  9 centaur warriors
  16 two-headed ogres
  3 ogre magi
  A vampire mage (D:15)
  3 tengu warriors
  4 death yaks
  Urug (D:12)
  An orc high priest (Orc:2)
  An iron troll (Orc:2)
  4 skeletal warriors (D:15)
  A spark wasp zombie (D:15)
  6 sea snakes
  2 unseen horrors
  2 deep elf archers
  3 deep trolls
  13 harpies
  A shadow dragon zombie (D:15)
  Pikel (D:6)
  18 ugly things
  An orc knight (Orc:2)
  2 necromancers
  8 fauns
  A fire giant zombie (D:15)
  A salamander (shapeshifter) (D:12)
  3 deep elf magi (D:14)
  7 cyclopes
  9 manticores
  8 merfolk sirens
  11 elephants
  Joseph (D:8)
  2 black mambas
  4 water nymphs
  13 spiny frogs
  A kobold demonologist (D:12)
  A gargoyle (D:13)
  A rime drake (shapeshifter) (D:14)
  A freezing wraith (D:15)
  9 komodo dragons
  A yaktaur zombie (D:15)
  A rime drake (Lair:3)
  4 polar bears
  26 merfolk
  16 trolls
  2 tengu conjurers (D:15)
  3 jumping spiders (Lair:3)
  12 blink frogs
  Grinder (D:6)
  3 wind drakes
  4 hornets
  Prince Ribbit (D:5)
  8 dream sheep
  14 slime creatures
  18 hippogriffs
  Sigmund (D:2)
  10 snapping turtles
  3 redbacks
  A centaur simulacrum (D:13)
  A shadow (D:12)
  8 water elementals
  3 wraiths
  48 yaks
  3 wyverns
  Eustachio (D:5)
  4 basilisks
  2 hungry ghosts
  Edmund (D:6)
  Menkaure (D:6)
  5 vampire mosquitoes
  A warg (Orc:2)
  An acid dragon (D:11)
  3 soldier ants
  Duvessa (D:7)
  6 porcupines
  7 water moccasins
  2 sky beasts
  6 ice beasts
  2 black bears
  A hornet zombie (D:15)
  An eye of draining (D:12)
  23 orc warriors
  A phantom (D:5)
  14 ogres
  A necrophage (D:13)
  13 wolves
  17 centaurs
  12 crocodiles
  A big kobold (D:10)
  22 bullfrogs
  Dowan (D:7)
  A water moccasin skeleton (D:8)
  A wyvern skeleton (D:12)
  10 wights
  5 scorpions
  An electric eel (Orc:2)
  7 crimson imps
  4 howler monkeys
  2 bullfrog zombies
  3 centaur zombies
  5 centaur skeletons
  10 hounds
  6 jellies
  7 orc priests
  Crazy Yiuf (D:2)
  7 bullfrog skeletons
  15 orc wizards
  2 iguanas
  13 worker ants
  14 hell rats
  2 yak simulacra (D:14)
  2 wolf simulacra (D:14)
  5 polar bear simulacra (D:14)
  2 big kobold zombies (Ossuary)
  A hound zombie (D:9)
  2 hound skeletons
  6 mummies
  A worker ant zombie (D:6)
  A howler monkey skeleton (D:6)
  17 river rats
  11 adders
  7 shadow imps
  2 adder zombies (D:9)
  3 adder skeletons
  5 worms
  A dart slug (D:3)
  6 leopard geckos
  82 orcs
  3 giant cockroaches
  6 goblins
  5 hobgoblins
  12 jackals
  11 quokkas
  4 ball pythons (D:1)
  9 bats
  7 frilled lizards
  2 goblin zombies (Ossuary)
  12 kobolds
  2 kobold zombies (Ossuary)
  2 leopard gecko zombies
  An orc zombie (Ossuary)
  A quokka skeleton (D:9)
  22 rats
  2 river rat simulacra (D:14)
  4 plants
  3 tentacles (Shoals:1)
927 creatures vanquished.

Vanquished Creatures (collateral kills)
  A hydra (Lair:6)
  A catoblepas (Lair:6)
  A death yak (Lair:6)
  A deep troll shaman (Lair:6)
  A tengu warrior (D:13)
  A skeletal warrior (D:15)
  A sea snake (Shoals:3)
  An orc knight (D:14)
  4 trolls (Orc:2)
  A merfolk (Shoals:3)
  A wind drake (Shoals:3)
  A snapping turtle (Shoals:4)
  2 dream sheep (Lair:6)
  An orc warrior (Orc:2)
  6 ogres (Orc:2)
  An orc wizard (Orc:2)
  An orc (Orc:2)
26 creatures vanquished.

Vanquished Creatures (others)
  A wind drake (Shoals:4)
  2 dream sheep (Shoals:4)
  An adder (D:12)
  2 bushes
  4 fungi
  16 plants
  11 tentacles (Shoals:1)
  4 withered plants (D:15)
41 creatures vanquished.

Grand Total: 994 creatures vanquished

Notes
Turn   | Place    | Note
-------+----------+-------------------------------------------
     0 | D:1      | havocjr2 the Kobold Berserker began the quest for the Orb.
     0 | D:1      | Reached XP level 1. HP: 14/14 MP: 1/1
    86 | D:1      | Reached XP level 2. HP: 15/19 MP: 2/2
   527 | D:1      | Reached XP level 3. HP: 22/24 MP: 3/3
   714 | D:1      | Reached ** piety under Trog
  1075 | D:2      | Reached XP level 4. HP: 26/29 MP: 4/4
  1081 | D:2      | Reached skill level 5 in Short Blades
  1423 | D:2      | Noticed Sigmund
  1439 | D:2      | Killed Sigmund
  1439 | D:2      | Reached skill level 5 in Fighting
  1439 | D:2      | Reached XP level 5. HP: 35/35 MP: 5/5
  1439 | D:2      | Reached XP level 6. HP: 40/40 MP: 6/6
  1535 | D:2      | Found a runed door.
  1539 | D:2      | Noticed Crazy Yiuf
  1546 | D:2      | Killed Crazy Yiuf
  1882 | D:3      | Found a burning altar of Makhleb.
  2075 | D:3      | Found a bloodstained altar of Trog.
  2124 | D:3      | Found a blossoming altar of Fedhas.
  2231 | D:3      | Reached *** piety under Trog
  2491 | D:4      | Reached skill level 5 in Dodging
  2498 | D:4      | Reached XP level 7. HP: 44/44 MP: 7/7
  2534 | D:4      | Got a shimmering cloak
  2545 | D:4      | Identified the +2 cloak "Leuvad" {rF+ MR+ Str+3} (You found
                  | it on level 4 of the Dungeon)
  2944 | D:4      | Found an opulent altar of Gozag.
  3413 | D:5      | Entered Level 5 of the Dungeon
  3437 | D:5      | Noticed Prince Ribbit
  3859 | D:5      | Killed Prince Ribbit
  4030 | D:5      | Reached skill level 1 in Stealth
  4053 | D:5      | Reached XP level 8. HP: 51/51 MP: 8/8
  4312 | D:5      | Reached skill level 2 in Stealth
  4436 | D:5      | Noticed Eustachio
  4452 | D:5      | Killed Eustachio
  4452 | D:5      | Reached skill level 3 in Stealth
  4509 | D:5      | Found a snail-covered altar of Cheibriados.
  4682 | D:5      | Found a sacrificial altar of Ru.
  4720 | D:5      | Found a staircase to the Ecumenical Temple.
  4736 | Temple   | Entered the Ecumenical Temple
  5304 | D:6      | Found a white marble altar of Elyvilon.
  5338 | D:6      | Reached skill level 4 in Stealth
  5350 | D:6      | Noticed Menkaure
  5356 | D:6      | Killed Menkaure
  5417 | D:6      | Reached XP level 9. HP: 55/57 MP: 9/9
  5452 | D:6      | Reached skill level 5 in Stealth
  5474 | D:6      | Reached skill level 6 in Stealth
  5615 | D:6      | Noticed Edmund
  5639 | D:6      | Killed Edmund
  5640 | D:6      | Noticed Grinder
  5690 | D:6      | Paralysed by Grinder for 6 turns
  5706 | D:6      | Killed Grinder
  6103 | D:6      | Found a basalt altar of Yredelemnul.
  6227 | D:6      | Noticed Pikel
  6238 | D:6      | Killed Pikel
  6238 | D:6      | Reached skill level 10 in Short Blades
  6238 | D:6      | Reached skill level 7 in Stealth
  6238 | D:6      | Reached XP level 10. HP: 65/65 MP: 10/10
  6358 | D:7      | Found an iron altar of Okawaru.
  6455 | D:7      | Found a sacrificial altar of Ru.
  6504 | D:7      | Noticed Duvessa
  6519 | D:7      | Killed Duvessa
  6519 | D:7      | Noticed Dowan
  6530 | D:7      | Killed Dowan
  6605 | D:7      | Reached skill level 8 in Stealth
  6666 | D:7      | Reached skill level 5 in Armour
  6813 | D:7      | Found a sand-covered staircase.
  6822 | Ossuary  | Entered an ossuary
  7524 | D:8      | Reached **** piety under Trog
  7649 | D:8      | Noticed an elephant
  7671 | D:8      | Killed an elephant
  7671 | D:8      | Reached skill level 9 in Stealth
  7701 | D:8      | Found a staircase to the Lair.
  7780 | D:8      | Noticed Joseph
  7804 | D:8      | Killed Joseph
  7876 | D:8      | Found a glowing golden altar of the Shining One.
  8132 | D:8      | Reached skill level 1 in Shields
  8226 | D:8      | Found a hide-covered altar of Uskayaw.
  8227 | D:8      | Found a hazy altar of Hepliaklqana.
  8290 | D:8      | Noticed Gastronok
  8311 | D:8      | Killed Gastronok
  8311 | D:8      | Reached XP level 11. HP: 72/72 MP: 11/11
  8324 | D:8      | Found an ornate altar of the Wu Jian Council.
  8488 | D:9      | Found Korar's Antique Armour Boutique.
  8505 | D:9      | Noticed a two-headed ogre
  8532 | D:9      | Killed a two-headed ogre
  8532 | D:9      | Reached skill level 10 in Fighting
  8532 | D:9      | Reached skill level 10 in Stealth
  9067 | D:9      | Found Utest's Gadget Shoppe.
  9236 | D:10     | Entered Level 10 of the Dungeon
  9248 | D:10     | Noticed a two-headed ogre
  9259 | D:10     | Killed a two-headed ogre
  9877 | D:10     | Found Lizamm's Armour Emporium.
  9877 | D:10     | Noticed a two-headed ogre
  9947 | D:10     | Reached XP level 12. HP: 56/78 MP: 12/12
 10101 | D:10     | Killed a two-headed ogre
 10101 | D:10     | Reached skill level 11 in Stealth
 10169 | D:10     | Reached ***** piety under Trog
 10626 | D:11     | Found a transporter.
 10626 | D:11     | Noticed a deep troll earth mage
 10626 | D:11     | Noticed a deep elf high priest
 10664 | D:11     | Found a transporter.
 10716 | D:11     | Found a runed gate.
 10722 | D:11     | Found a runed gate.
 10722 | D:11     | Found a runed gate.
 10723 | D:11     | Noticed buskinjo's ghost (journeyman DsFi)
 10771 | D:11     | Noticed Harold
 10781 | D:11     | Killed Harold
 11342 | D:11     | Noticed a five-headed hydra
 11344 | D:11     | Killed a five-headed hydra
 11344 | D:11     | Reached skill level 1 in Throwing
 11440 | D:11     | Noticed a two-headed ogre
 11447 | D:11     | Killed a two-headed ogre
 11447 | D:11     | Reached skill level 12 in Stealth
 11447 | D:11     | Reached skill level 5 in Shields
 11452 | D:11     | Received a gift from Trog
 11602 | D:12     | Noticed a two-headed ogre
 11616 | D:12     | Noticed an ice dragon
 11685 | D:12     | Noticed a centaur warrior
 11864 | D:11     | Reached XP level 13. HP: 52/84 MP: 13/13
 12029 | D:12     | Found a staircase to the Orcish Mines.
 12251 | D:12     | Noticed a centaur warrior
 12256 | D:12     | Noticed a centaur warrior
 12270 | D:11     | Killed a centaur warrior
 12275 | D:11     | Killed a centaur warrior
 13000 | D:12     | Noticed Snorg
 13045 | D:11     | Killed Snorg
 13045 | D:11     | Reached skill level 10 in Dodging
 13222 | Lair:1   | Entered Level 1 of the Lair of Beasts
 13503 | Lair:1   | Reached skill level 1 in Evocations
 13613 | Lair:1   | Received a gift from Trog
 13630 | Lair:1   | Reached skill level 13 in Stealth
 13896 | Lair:1   | Received a gift from Trog
 15279 | Lair:3   | Found a hole to the Spider Nest.
 15367 | Lair:3   | Reached XP level 14. HP: 73/92 MP: 16/16
 15902 | D:11     | Got an uncursed bloodstained mace {pain}
 15903 | D:11     | Identified the +8 mace of Discord {pain, Dex+6} (You took
                  | it off a centaur warrior on level 11 of the Dungeon)
 16704 | Lair:4   | Found a staircase to the Shoals.
 17853 | Lair:5   | Reached skill level 5 in Evocations
 17884 | Lair:5   | Received a gift from Trog
 18129 | Lair:5   | Reached skill level 14 in Stealth
 18588 | Lair:5   | Gained mutation: You expend magic power (3 MP) to
                  | strengthen your wands. [potion of mutation]
 18588 | Lair:5   | Gained mutation: You are agile. (Dex +2) [potion of
                  | mutation]
 18588 | Lair:5   | Gained mutation: You have large cloven feet. [potion of
                  | mutation]
 18588 | Lair:5   | Gained mutation: You are very agile. (Dex +4) [potion of
                  | mutation]
 18589 | Lair:5   | Lost mutation: You expend magic power (3 MP) to strengthen
                  | your wands. [potion of mutation]
 18589 | Lair:5   | Lost mutation: You have large cloven feet. [potion of
                  | mutation]
 18589 | Lair:5   | Lost mutation: You are very agile. (Dex +4) [potion of
                  | mutation]
 18589 | Lair:5   | Gained mutation: You do not regenerate when monsters are
                  | visible. [potion of mutation]
 18589 | Lair:5   | Gained mutation: You have large cloven feet. [potion of
                  | mutation]
 18590 | Lair:5   | Lost mutation: You have large cloven feet. [potion of
                  | mutation]
 18590 | Lair:5   | Lost mutation: You are agile. (Dex +2) [potion of mutation]
 18590 | Lair:5   | Lost mutation: You do not regenerate when monsters are
                  | visible. [potion of mutation]
 18590 | Lair:5   | Gained mutation: You are partially covered in large bone
                  | plates. (SH +4) [potion of mutation]
 18590 | Lair:5   | Gained mutation: You are robust. (+10% HP) [potion of
                  | mutation]
 18590 | Lair:5   | Gained mutation: Your muscles are strong. (Str +2) [potion
                  | of mutation]
 18832 | Lair:6   | Entered Level 6 of the Lair of Beasts
 18832 | Lair:6   | Found a staircase to the Slime Pits.
 18832 | Lair:6   | Found a viscous altar of Jiyva.
 19886 | Lair:6   | Reached XP level 15. HP: 95/107 MP: 20/20
 20701 | D:8      | You fall through a shaft!
 20875 | D:12     | Noticed Urug
 20909 | D:12     | Killed Urug
 22397 | D:12     | Reached skill level 15 in Stealth
 23396 | D:12     | Found Xaplif's Distillery.
 23664 | D:13     | Received a gift from Trog
 24085 | D:13     | Noticed Erolcha
 24097 | D:13     | Killed Erolcha
 24100 | D:13     | Reached skill level 5 in Throwing
 24457 | D:13     | Received a gift from Trog
 25212 | D:14     | Found Ifut Tosk's Assorted Antiques.
 25935 | D:14     | Found a gate to the Vaults.
 25995 | D:14     | Reached skill level 1 in Slings
 26004 | D:14     | Reached XP level 16. HP: 115/115 MP: 22/22
 26692 | D:14     | Reached skill level 16 in Stealth
 26730 | D:15     | Entered Level 15 of the Dungeon
 26852 | D:15     | Received a gift from Trog
 28139 | D:15     | Found a staircase to the Depths.
 29545 | Orc:1    | Entered Level 1 of the Orcish Mines
 29712 | Orc:2    | Entered Level 2 of the Orcish Mines
 29820 | Orc:2    | Found a staircase to the Elven Halls.
 30134 | Orc:2    | Received a gift from Trog
 30300 | Orc:2    | Found a flickering gateway to a bazaar.
 30380 | Bazaar   | Entered a bazaar
 30384 | Bazaar   | Found Wadawirch's Magic Scroll Boutique.
 30392 | Bazaar   | Found Kooblec's Gadget Boutique.
 30403 | Bazaar   | Found Istro's Antique Weapon Emporium.
 30420 | Bazaar   | Found Oxuxkiab's Antique Armour Shop.
 30432 | Bazaar   | Found Itor's General Store.
 30559 | Orc:2    | Reached skill level 10 in Evocations
 30755 | Orc:2    | Found Jeingi's Jewellery Shoppe.
 30756 | Orc:2    | Found Mauckaq's General Store.
 30869 | Orc:2    | Reached XP level 17. HP: 114/123 MP: 24/24
 31021 | Orc:2    | Received a gift from Trog
 31065 | Orc:2    | Found Foblaenn's Antique Armour Shop.
 31097 | Orc:2    | Found Zaotuirph's Antique Armour Shoppe.
 31115 | Orc:2    | Bought a twisted scale mail for 261 gold pieces
 31125 | Orc:2    | Identified the +3 scale mail "Ziko" {Dex+3} (You bought it
                  | in a shop on level 2 of the Orcish Mines)
 31147 | Orc:2    | Bought a pair of spiked boots for 275 gold pieces
 31157 | Orc:2    | Identified the +0 pair of boots of Parlour Games {*Slow
                  | Str+3 Int+3} (You bought it in a shop on level 2 of the
                  | Orcish Mines)
 31905 | Shoals:1 | Entered Level 1 of the Shoals
 32086 | Shoals:1 | Received a gift from Trog
 32245 | Shoals:1 | Reached skill level 5 in Slings
 32388 | Shoals:1 | Reached skill level 17 in Stealth
 32480 | Shoals:1 | Received a gift from Trog
 32809 | Shoals:1 | Noticed a kraken
 34227 | Shoals:3 | Received a gift from Trog
 34599 | Shoals:3 | Got an ichor-stained rapier {god gift}
 34600 | Shoals:3 | Identified the +7 rapier of the Coin {pierce, Int+4} (Trog
                  | gifted it to you on level 3 of the Shoals)
 35341 | Shoals:4 | Entered Level 4 of the Shoals
 35341 | Shoals:4 | Noticed Ilsuiw
 35359 | Shoals:4 | HP: 4/123 [merfolk javelineer/spear of piercing (4)]
 35370 | Shoals:3 | Reached skill level 15 in Fighting
 36853 | Shoals:4 | Reached skill level 10 in Armour
 37602 | Shoals:4 | Reached XP level 18. HP: 84/130 MP: 26/26
 37691 | Shoals:4 | Received a gift from Trog
 37862 | Shoals:4 | Killed Ilsuiw
 38258 | Shoals:4 | Found Lazanun's Antique Weapon Shop.
 38313 | Shoals:4 | Noticed Polyphemus
 38367 | Shoals:4 | Killed Polyphemus
 38553 | Shoals:4 | Noticed Nikola
 38930 | Shoals:4 | Mangled by an alligator snapping turtle

Skill      XL: |  1  2  3  4  5  6  7  8  9 10 11 12 13 14 15 16 17 |
---------------+----------------------------------------------------+-----
Dodging        | 3 4 5 6 7 9 10 12 13 14 | 14.8
Fighting       | 5 6 7 8 9 10 11 12 13 14 15 | 15.4
Short Blades   | 6 7 8 10 11 12 13 14 | 14.0
Stealth        | 1 4 7 9 10 12 13 14 15 16 17 | 17.9
Armour         | 3 4 5 6 7 8 9 10 | 10.2
Shields        | 2 3 5 |  5.6
Throwing       | 2 4 5 |  5.5
Evocations     | 3 6 8 10 11 | 11.8
Slings         | 1 4 6 |  6.9

Action                   |  1- 3 |  4- 6 |  7- 9 | 10-12 | 13-15 | 16-18 || total
-------------------------+-------+-------+-------+-------+-------+-------++-------
Melee: Short sword       |   105 |    48 |       |   684 |   877 |   203 ||  1917
       Dagger            |       |   123 |   574 |    53 |       |       ||   750
       Rapier            |       |       |       |    51 |       |    91 ||   142
       Quick blade       |       |       |       |       |   931 |  1884 ||  2815
       Mace              |       |       |       |       |    19 |       ||    19
 Fire: Hunting sling     |       |       |       |     9 |   177 |   242 ||   428
       Blowgun           |       |       |       |       |    16 |       ||    16
Throw: Stone             |    13 |    15 |     6 |    32 |    32 |       ||    98
       Tomahawk          |       |       |       |       |    12 |    75 ||    87
Invok: Berserk           |     1 |     3 |     9 |    23 |    15 |    12 ||    63
       Trog's Hand       |       |       |     4 |    10 |     9 |    14 ||    37
       Brothers in Arms  |       |       |       |       |     5 |     8 ||    13
Evoke: Wand              |       |       |       |       |     3 |     4 ||     7
  Use: Scroll            |     1 |       |    16 |    11 |    16 |    10 ||    54
       Potion            |       |       |       |       |     5 |    11 ||    16
 Stab: Sleeping          |       |     3 |       |    34 |    28 |    22 ||    87
       Distracted        |       |       |       |     4 |     6 |     1 ||    11
       Petrifying        |       |       |       |       |       |     1 ||     1
  Eat: Chunk             |     9 |     7 |    18 |    54 |    62 |    59 ||   209
Armor: Animal skin       |     5 |       |       |       |       |       ||     5
       Leather armour    |    13 |    11 |     7 |    59 |   141 |   158 ||   389
       Chain mail        |       |       |    86 |    52 |       |       ||   138
       Skin              |       |       |       |       |     5 |    24 ||    29
Dodge: Dodged            |    92 |    64 |   164 |   359 |   807 |  1072 ||  2558
Block: Buckler           |       |       |       |    92 |   259 |   541 ||   892
       Other             |       |       |       |       |    35 |    34 ||    69
